 Dungeon Crawl Stone Soup version 0.22-a0-779-g6f83d72c62 (webtiles) character file.

19481 Mirvelgyr the Bludgeoner (level 12, -2/110 HPs)
             Began as a Minotaur Chaos Knight on July 19, 2018.
             Slain by a minotaur
             ... wielding a +1 halberd of distortion
              (3 damage)
             ... in a labyrinth.
             The game lasted 00:30:06 (11014 turns).

Mirvelgyr the Bludgeoner (Minotaur Chaos Knight)   Turns: 11014, Time: 00:30:06

Health: -2/110     AC: 18    Str: 30    XL:     12   Next: 36%
Magic:  0/12       EV: 16    Int:  9    God:    Xom [..*...]
Gold:   419        SH:  0    Dex: 16    Spells: 11/11 levels left

rFire    . . .     SeeInvis .   D - +0 great mace
rCold    . . .     Gourm    .   (shield currently unavailable)
rNeg     . . .     Faith    .   H - +0 plate armour
rPois    +         Spirit   +   G - +1 hat
rElec    .         Reflect  .   (no cloak)
rCorr    +         Harm     .   i - +0 pair of gloves {Str+3}
MR       +....                  (no boots)
Stlth    ..........             s - amulet "Asocekhus" {Spirit Str+6 Dex+3}
HPRegen  0.28/turn              j - ring of protection from magic
MPRegen  0.13/turn              B - ring of resist corrosion

@: no status effects
A: retaliatory headbutt, horns 2, repulsion field 1, thin skeletal structure 1,
high mp 1, poison resistance, shaggy fur 1
a: Renounce Religion


You were in a labyrinth.
You worshipped Xom.
You were a toy of Xom.
You were not hungry.

You visited 1 branch of the dungeon, and saw 11 of its levels.
You also visited: Labyrinth.

You collected 750 gold pieces.
You spent 331 gold pieces at shops.

Inventory:

Hand Weapons
 a - a +0 dire flail of protection
 D - a +0 great mace (weapon)
Armour
 i - a +0 pair of gloves of strength (worn)
 G - a +1 hat (worn)
 H - a +0 plate armour (worn)
Jewellery
 d - an uncursed ring of protection from cold
 f - a +3 ring of intelligence
 j - a ring of protection from magic (left hand)
 r - an uncursed ring of poison resistance {unknown}
 s - the amulet "Asocekhus" (around neck) {Spirit Str+6 Dex+3}
   (Xom gifted it to you on level 10 of the Dungeon)

   [amulet of guardian spirit]

   It causes incoming damage to be split between your health and magic.
   It affects your strength (+6).
   It affects your dexterity (+3).
 x - an uncursed ring of protection from fire
 y - a cursed -2 ring of slaying {unknown}
 A - an uncursed ring of ice
 B - a ring of resist corrosion (right hand)
 J - an uncursed amulet of magic regeneration
 K - a +4 ring of dexterity {unknown}
Wands
 b - a wand of flame (57)
 p - a wand of paralysis (11)
 v - a wand of disintegration (6)
Scrolls
 e - a scroll of immolation
 g - 2 scrolls of enchant weapon
 h - 8 scrolls of teleportation
 o - 3 scrolls of amnesia
 q - 4 scrolls of fear
 w - 2 scrolls of magic mapping
 C - 3 scrolls of remove curse
 E - a scroll of fog
 F - a scroll of enchant armour
 I - a scroll of blinking
Potions
 k - 2 potions of ambrosia
 l - 5 potions of curing
 m - 8 potions of heal wounds
 t - 6 potions of haste
 u - a potion of cancellation
 z - 3 potions of brilliance
Comestibles
 c - 23 rations


   Skills:
 + Level 11.5 Fighting
 * Level 15.2 Maces & Flails
 + Level 11.2 Armour
 + Level 10.2 Dodging


You had 11 spell levels left.
You didn't know any spells.
Your spell library contained the following spells:

 Spells                   Type           Power        Failure   Level  Hunger
 Confuse                  Hex            #.......     100%        3    ####...
 Spider Form              Tmut/Pois      #.........   100%        3    ####...
 Blade Hands              Tmut           #.........   100%        5    ######.
 Ice Form                 Ice/Tmut       #.......     100%        4    #####..
 Confusing Touch          Hex            #.....       95%         1    ##.....
 Sticks to Snakes         Tmut           #.......     99%         2    ###....
 Metabolic Englaciation   Hex/Ice        #.........   100%        5    ######.
 Petrify                  Tmut/Erth      #.......     100%        4    #####..
 Beastly Appendage        Tmut           #.....       95%         1    ##.....
 Gell's Gravitas          Tloc           #.........   100%        3    ####...
 Yara's Violent Unravell  Hex/Tmut       #.........   100%        5    ######.


Dungeon Overview and Level Annotations

Branches:
Dungeon (11/15)            Temple (0/1) D:5             Orc (0/2) D:11
   Lair: D:8-11

Altars:
Dithmenos
Gozag
Qazlal
Ru
Sif Muna
Trog
Vehumet
Wu Jian
Xom
The Shining One

Shops:
D:4 =   D:5 *   D:7 ?   D:10 (

Annotations:
D:4 4 runed doors, Marius's ghost, novice HOFi


Innate Abilities, Weirdness & Mutations

You reflexively headbutt those who attack you in melee.
You have a pair of horns on your head.
You are surrounded by a mild repulsion field. (EV +2)
You have a somewhat thin skeletal structure. (Dex +2, Stealth)
You have an increased reservoir of magic. (+10% MP)
Your system is resistant to poisons. (rPois)
You are covered in fur. (AC +1)


Message History

The minotaur hits you with a halberd of distortion!
* * * LOW HITPOINT WARNING * * *
The minotaur gores you.
* * * LOW HITPOINT WARNING * * *
You hit the minotaur but do no damage.
The minotaur is heavily wounded.
The minotaur hits you but does no damage.
The minotaur gores you.
* * * LOW HITPOINT WARNING * * *
You hit the minotaur but do no damage.
The minotaur is heavily wounded.
The minotaur hits you with a halberd of distortion!!
* * * LOW HITPOINT WARNING * * *
Xom is amused.
You feel strangely stable. The minotaur barely misses you.
You hit the minotaur.
The minotaur is heavily wounded.
The minotaur hits you with a halberd of distortion.
You die...
Xom bursts into laughter!

# .#. ..
..###### ###
#. #... . .#
# #.######.#
#.. .# #.#.
#.
#.#.####.##
# #.
.#.H@...# #
. # #..
########.#.#
# # # # .#.
. .. .. ...
# ##.#####
## # # # ...
.. .. .# .
## . #.#
##... # # #
#. .#.#.#
#.. . #. #
##.#### .#
... .


You could see a minotaur.

Vanquished Creatures
  A juggernaut (D:9)
  A hydra (D:11)
  A centaur warrior (D:11)
  3 two-headed ogres
  Pikel (D:4)
  A manticore (D:10)
  A cyclops (D:11)
  An ugly thing (D:11)
  A deep elf mage (D:11)
  Joseph (D:10)
  A black mamba (shapeshifter) (D:11)
  2 trolls
  4 redbacks (Lab)
  Sigmund (D:2)
  6 yaks (D:9)
  Eustachio (D:4)
  A wyvern (D:10)
  A wraith (D:10)
  2 hungry ghosts
  Edmund (D:4)
  Duvessa (D:6)
  4 orc warriors
  2 ice beasts
  3 slaves (D:4)
  A phantom (D:6)
  A black bear (D:8)
  A necrophage (D:8)
  4 ogres
  10 centaurs
  The ghost of Fandomethor the Cudgeler, an amateur GrFi (D:3)
  A big kobold (D:9)
  Blork the orc (D:4)
  4 bullfrogs
  2 gnoll sergeants
  Dowan (D:6)
  A scorpion (shapeshifter) (D:4)
  5 scorpions
  A wyvern skeleton (D:10)
  8 killer bees
  3 howler monkeys
  4 crimson imps
  A centaur zombie (D:3)
  A bullfrog zombie (D:11)
  4 hounds
  4 jellies
  3 orc priests
  8 orc wizards
  Jessica (D:2)
  A bullfrog skeleton (D:11)
  Natasha (twice) (D:3)
  3 iguanas
  8 worker ants
  A killer bee zombie (D:8)
  A hound zombie (D:9)
  A hound skeleton (D:4)
  Robin (D:3)
  9 adders
  17 gnolls
  4 shadow imps
  3 oozes
  10 leopard geckos
  45 orcs
  9 giant cockroaches
  15 goblins
  8 hobgoblins
  12 jackals
  4 quokkas
  4 ball pythons
  8 bats
  8 frilled lizards
  2 goblin zombies (D:8)
  A hobgoblin zombie (D:8)
  A jackal skeleton (D:7)
  10 kobolds
  2 kobold skeletons (D:8)
  A kobold zombie (D:8)
  2 leopard gecko skeletons (D:4)
  2 leopard gecko zombies (D:7)
  An orc skeleton (D:8)
  2 orc zombies (D:8)
  5 rats
  A plant (Lab)
317 creatures vanquished.

Vanquished Creatures (collateral kills)
  A two-headed ogre (D:10)
  6 killer bees (D:10)
  A hound (D:11)
  An orc wizard (D:4)
9 creatures vanquished.

Vanquished Creatures (others)
  A water moccasin (D:10)
  A bullfrog (D:10)
  A killer bee (D:10)
3 creatures vanquished.

Grand Total: 329 creatures vanquished

Notes
Turn   | Place    | Note
-------+----------+-------------------------------------------
     0 | D:1      | Mirvelgyr the Minotaur Chaos Knight began the quest for the Orb.
     0 | D:1      | Reached XP level 1. HP: 19/19 MP: 0/0
    51 | D:1      | Reached XP level 2. HP: 24/27 MP: 1/1
   129 | D:1      | Reached skill level 4 in Maces & Flails
   456 | D:1      | XOM: give mutations
   456 | D:1      | Gained mutation: You expend magic power (3 MP) to strengthen your wands. [Xom's grace]
   456 | D:1      | Gained mutation: You have an increased reservoir of magic. (+10% MP) [Xom's grace]
   456 | D:1      | Gained mutation: You are surrounded by a mild repulsion field. (EV +2) [Xom's grace]
   626 | D:1      | XOM: god gift: leather armour {god gift}
   776 | D:2      | Noticed Sigmund
   776 | D:2      | Noticed Robin
   778 | D:2      | Noticed Natasha
   791 | D:2      | Found an ornate altar of the Wu Jian Council.
   791 | D:2      | Noticed an ice beast
   796 | D:3      | Reached XP level 3. HP: 23/33 MP: 2/2
   976 | D:3      | Reached XP level 4. HP: 37/40 MP: 3/3
  1036 | D:3      | XOM: smoke on damage
  1042 | D:3      | Reached skill level 5 in Maces & Flails
  1237 | D:3      | XOM: give mutations
  1237 | D:3      | Gained mutation: You have sharp toenails. [Xom's grace]
  1237 | D:3      | Gained mutation: You are resistant to hostile enchantments. (MR+) [Xom's grace]
  1237 | D:3      | Gained mutation: You are partially covered in large bone plates. (SH +4) [Xom's grace]
  1278 | D:3      | XOM: scenery: 1 doors close
  1280 | D:3      | Reached XP level 5. HP: 32/47 MP: 4/4
  1396 | D:3      | Found a runed gate.
  1396 | D:3      | Found a runed gate.
  1396 | D:3      | Found a runed gate.
  1401 | D:3      | Noticed Fandomethor's ghost (amateur GrFi)
  1407 | D:3      | XOM: 2-stop teleportation journey
  1446 | D:3      | Killed Fandomethor's ghost
  1479 | D:3      | Found a stormy altar of Qazlal.
  1481 | D:3      | Found a shadowy altar of Dithmenos.
  1481 | D:3      | Found a shimmering altar of Xom.
  1484 | D:3      | Found a sacrificial altar of Ru.
  1501 | D:3      | Reached XP level 6. HP: 52/55 MP: 5/5
  1511 | D:3      | XOM: give mutations
  1511 | D:3      | Gained mutation: You possess an exceptional clarity of mind. [Xom's grace]
  1511 | D:3      | Gained mutation: You have a pair of large horns on your head. [Xom's grace]
  1511 | D:3      | Gained mutation: You evolve. [Xom's grace]
  1511 | D:3      | Gained mutation: You passively map a small area around you. [Xom's grace]
  1770 | D:3      | XOM: give mutations
  1770 | D:3      | Gained mutation: Your mind is acute. (Int +2) [Xom's grace]
  1770 | D:3      | Gained mutation: Your mind is very acute. (Int +4) [Xom's grace]
  1957 | D:4      | XOM: stealth player
  1968 | D:4      | Found Dagiur's Jewellery Shoppe.
  1994 | D:4      | Reached skill level 6 in Maces & Flails
  2003 | D:4      | Reached skill level 5 in Fighting
  2038 | D:4      | Noticed Eustachio
  2045 | D:4      | XOM: summons friendly quasit
  2052 | D:4      | XOM: potion effect (haste)
  2112 | D:4      | XOM: scenery: create altars
  2119 | D:4      | Killed Eustachio
  2119 | D:4      | Reached XP level 7. HP: 24/61 MP: 6/6
  2137 | D:4      | HP: 1/61 [orc wizard/magic dart (5)]
  2522 | D:4      | Noticed a steam dragon
  2522 | D:4      | a slave changed into a steam dragon
  2522 | D:4      | XOM: polymorph slave -> steam dragon
  2523 | D:4      | Noticed Pikel
  2532 | D:4      | XOM: scenery: create altars
  2533 | D:4      | XOM: summons friendly iron imp
  2546 | D:4      | Noticed a steam dragon
  2546 | D:4      | a naga changed into a steam dragon
  2547 | D:4      | a steam dragon changed into a scorpion
  2571 | D:4      | XOM: scenery: create altars
  2572 | D:4      | XOM: give mutation
  2572 | D:4      | Gained mutation: Your system is resistant to poisons. (rPois) [Xom's grace]
  2577 | D:4      | Killed Pikel
  2577 | D:4      | Reached skill level 8 in Maces & Flails
  2577 | D:4      | Reached skill level 5 in Armour
  2577 | D:4      | Reached XP level 8. HP: 64/70 MP: 7/7
  2644 | D:4      | Noticed Marius's ghost (novice HOFi)
  2667 | D:4      | Found a runed gate.
  2667 | D:4      | Found a runed gate.
  2667 | D:4      | Found a runed gate.
  2821 | D:4      | Found a runed door.
  2911 | D:4      | Noticed Edmund
  2914 | D:4      | Noticed Blork the orc
  2935 | D:4      | Killed Edmund
  2944 | D:4      | Killed Blork the orc
  3079 | D:4      | XOM: give mutations
  3079 | D:4      | Gained mutation: You are surrounded by a moderate repulsion field. (EV +3) [Xom's grace]
  3079 | D:4      | Gained mutation: Your spells are a little harder to cast, but a little more powerful. [Xom's grace]
  3079 | D:4      | Gained mutation: You have a considerably increased reservoir of magic. (+20% MP) [Xom's grace]
  3079 | D:4      | Gained mutation: You are agile. (Dex +2) [Xom's grace]
  3111 | D:4      | XOM: god gift: 25 gold pieces
  3139 | D:4      | XOM: noise
  3290 | D:4      | XOM: give mutations
  3290 | D:4      | Lost mutation: Your mind is very acute. (Int +4) [Xom's mischief]
  3290 | D:4      | Lost mutation: Your mind is acute. (Int +2) [Xom's mischief]
  3290 | D:4      | Lost mutation: Your system is resistant to poisons. (rPois) [Xom's mischief]
  3290 | D:4      | Lost mutation: You expend magic power (3 MP) to strengthen your wands. [Xom's mischief]
  3337 | D:5      | Entered Level 5 of the Dungeon
  3364 | D:5      | Reached skill level 5 in Dodging
  3957 | D:5      | Found a staircase to the Ecumenical Temple.
  4003 | D:5      | XOM: give mutation
  4003 | D:5      | Lost mutation: You are agile. (Dex +2) [Xom's mischief]
  4028 | D:5      | XOM: summons 1 hostile demon
  4041 | D:5      | Found Tyudud's Assorted Antiques.
  4055 | D:5      | Bought a pink potion for 26 gold pieces
  4055 | D:5      | Bought a scroll of identify for 58 gold pieces
  4055 | D:5      | Bought a scroll of teleportation for 87 gold pieces
  4179 | D:5      | XOM: harmless Ice miscast
  4310 | D:6      | XOM: noise
  4317 | D:6      | Noticed Duvessa
  4320 | D:6      | Noticed Dowan
  4325 | D:6      | Killed Duvessa
  4325 | D:6      | Reached skill level 9 in Maces & Flails
  4332 | D:6      | Killed Dowan
  4410 | D:6      | XOM: divination: detect items
  4597 | D:6      | Found an opulent altar of Gozag.
  4627 | D:6      | Reached XP level 9. HP: 32/79 MP: 9/9
  5214 | D:6      | XOM is BORED!
  5214 | D:6      | XOM: mild Ice miscast
  5318 | D:2      | XOM: confuse monster(s)
  5336 | D:3      | XOM: scenery: 1 doors close
  5370 | D:2      | XOM: summons friendly crimson imp
  5380 | D:3      | Reached skill level 10 in Maces & Flails
  5395 | D:3      | Killed Robin
  5400 | D:3      | Killed Natasha
  5423 | D:2      | Killed Sigmund
  5555 | D:2      | Noticed Jessica
  5559 | D:2      | Killed Jessica
  5778 | D:3      | Noticed Natasha
  5788 | D:3      | Killed Natasha
  6004 | D:7      | Found a bloodstained altar of Trog.
  6004 | D:7      | XOM: god gift: 42 gold pieces
  6165 | D:7      | XOM: potion effect (might)
  6181 | D:7      | XOM: scenery: 1 doors open
  6186 | D:7      | Found Cefitoi's Magic Scroll Boutique.
  6190 | D:7      | Bought a scroll of teleportation for 30 gold pieces
  6190 | D:7      | Bought a scroll of magic mapping for 35 gold pieces
  6190 | D:7      | Bought a scroll of enchant armour for 75 gold pieces
  6190 | D:7      | Bought a scroll of identify for 20 gold pieces
  6461 | D:8      | XOM: summons 2 friendly demons
  6495 | D:8      | Gained mutation: You are covered in fur. (AC +1) [evolution]
  6512 | D:8      | Reached skill level 11 in Maces & Flails
  6594 | D:9      | XOM: summons 5 friendly demons
  6602 | D:9      | Reached XP level 10. HP: 65/90 MP: 11/11
  6607 | D:9      | XOM: enchant monster (good)
  6617 | D:9      | XOM: potion effect (brilliance)
  6637 | D:9      | XOM: cast spell 'Leda's Liquefaction'
  6641 | D:9      | XOM: potion effect (agility)
  7084 | D:9      | Noticed Gastronok
  7088 | D:9      | Noticed Gastronok
  7088 | D:9      | Gastronok changed into Gastronok the juggernaut
  7088 | D:9      | XOM: polymorph Gastronok -> Gastronok the juggernaut
  7089 | D:9      | XOM: enchant monster (bad)
  7095 | D:9      | XOM: confuse monster(s)
  7298 | D:8      | Found a radiant altar of Vehumet.
  7315 | D:8      | XOM: smoke on damage
  7326 | D:8      | Reached skill level 12 in Maces & Flails
  7331 | D:8      | XOM: 2-stop teleportation journey
  7501 | D:8      | Found a glowing golden altar of the Shining One.
  7546 | D:8      | Lost mutation: You passively map a small area around you. [evolution]
  7585 | D:8      | Noticed a two-headed ogre
  7589 | D:8      | XOM: cleaving
  7594 | D:8      | Killed a two-headed ogre
  7719 | D:8      | Noticed a two-headed ogre
  7719 | D:8      | XOM: summons friendly crimson imp
  7721 | D:8      | XOM: summons friendly white imp
  7724 | D:8      | XOM: silly message
  7726 | D:8      | Killed a two-headed ogre
  7913 | D:8      | XOM: harmless Conj miscast
  7929 | D:8      | XOM: divination: magic mapping
  8017 | D:8      | XOM: silly message
  8175 | D:9      | XOM: potion effect (haste)
  8190 | D:9      | XOM: potion effect (curing)
  8191 | D:9      | XOM: potion effect (curing)
  8196 | D:9      | XOM: potion effect (curing)
  8203 | D:9      | Killed Gastronok the juggernaut
  8203 | D:9      | Reached skill level 10 in Fighting
  8203 | D:9      | Reached skill level 13 in Maces & Flails
  8203 | D:9      | Reached skill level 10 in Armour
  8203 | D:9      | Reached XP level 11. HP: 8/101 MP: 12/12
  8231 | D:9      | XOM: give mutations
  8231 | D:9      | Gained mutation: You expend magic power (3 MP) to strengthen your wands. [Xom's grace]
  8231 | D:9      | Gained mutation: Your mind is acute. (Int +2) [Xom's grace]
  8441 | D:9      | XOM: god gift: 59 gold pieces
  8499 | D:9      | XOM: god gift: dagger {god gift}
  8655 | D:9      | Lost mutation: You evolve. [potion of mutation]
  8655 | D:9      | Lost mutation: You are resistant to hostile enchantments. (MR+) [potion of mutation]
  8655 | D:9      | Lost mutation: You have a considerably increased reservoir of magic. (+20% MP) [potion of mutation]
  8655 | D:9      | Lost mutation: Your mind is acute. (Int +2) [potion of mutation]
  8655 | D:9      | Gained mutation: You have sharp fingernails. [potion of mutation]
  8656 | D:9      | Lost mutation: Your spells are a little harder to cast, but a little more powerful. [potion of mutation]
  8656 | D:9      | Lost mutation: You have a pair of large horns on your head. [potion of mutation]
  8656 | D:9      | Lost mutation: You are partially covered in large bone plates. (SH +4) [potion of mutation]
  8656 | D:9      | Lost mutation: You have sharp fingernails. [potion of mutation]
  8656 | D:9      | Lost mutation: You expend magic power (3 MP) to strengthen your wands. [potion of mutation]
  8656 | D:9      | Gained mutation: You passively map a small area around you. [potion of mutation]
  8657 | D:9      | Lost mutation: You have sharp toenails. [potion of mutation]
  8657 | D:9      | Lost mutation: You passively map a small area around you. [potion of mutation]
  8657 | D:9      | Lost mutation: You possess an exceptional clarity of mind. [potion of mutation]
  8657 | D:9      | Gained mutation: You possess an exceptional clarity of mind. [potion of mutation]
  8657 | D:9      | Gained mutation: You have a somewhat thin skeletal structure. (Dex +2, Stealth) [potion of mutation]
  8658 | D:9      | Lost mutation: You are surrounded by a moderate repulsion field. (EV +3) [potion of mutation]
  8658 | D:9      | Lost mutation: You possess an exceptional clarity of mind. [potion of mutation]
  8658 | D:9      | Gained mutation: Your system is resistant to poisons. (rPois) [potion of mutation]
  8735 | D:9      | XOM: god gift: pair of glowing gloves {god gift}
  8854 | D:10     | Entered Level 10 of the Dungeon
  8857 | D:10     | XOM: polymorph killer bee -> howler monkey
  8875 | D:10     | XOM: divine lightning
  8877 | D:10     | Reached skill level 14 in Maces & Flails
  8940 | D:10     | Noticed Joseph
  8946 | D:10     | XOM: 3-stop teleportation journey
  9046 | D:10     | Killed Joseph
  9083 | D:10     | XOM: god gift: shimmering ivory amulet {god gift}
  9085 | D:10     | Got a shimmering ivory amulet {god gift}
  9088 | D:10     | XOM: enchant monster (good)
  9097 | D:10     | Identified the amulet "Asocekhus" {Spirit Str+6 Dex+3} (Xom gifted it to you on level 10 of the Dungeon)
  9165 | D:10     | XOM: silly message
  9192 | D:10     | Noticed a two-headed ogre
  9196 | D:10     | XOM: summons 2 friendly demons
  9208 | D:10     | Killed a two-headed ogre
  9328 | D:10     | Found Qoicu's Weapon Emporium.
  9467 | D:11     | XOM: god gift: ration
  9475 | D:11     | Noticed a white ugly thing
  9475 | D:11     | Noticed a centaur warrior
  9486 | D:11     | XOM: scenery: create altars
  9491 | D:11     | Killed a white ugly thing
  9491 | D:11     | XOM: cast spell 'Necromutation'
  9498 | D:11     | Killed a centaur warrior
  9498 | D:11     | Reached XP level 12. HP: 63/110 MP: 6/12
  9537 | D:11     | XOM: cloud trail
  9636 | D:11     | Noticed a six-headed hydra
  9638 | D:11     | XOM: destruction
  9642 | D:11     | XOM: summons friendly crimson imp
  9656 | D:11     | Killed a six-headed hydra
  9656 | D:11     | Reached skill level 10 in Dodging
  9677 | D:11     | Found a radiant altar of Vehumet.
  9678 | D:11     | Noticed a two-headed ogre
  9683 | D:11     | XOM: summons friendly white imp
  9687 | D:11     | XOM: summons friendly crimson imp
  9695 | D:11     | Killed a two-headed ogre
  9702 | D:11     | XOM: divination: detect items
  9712 | D:11     | Reached skill level 15 in Maces & Flails
  9864 | D:11     | Found a staircase to the Orcish Mines.
  9911 | D:11     | Found a deep blue altar of Sif Muna.
  9913 | D:11     | Found a labyrinth entrance.
  9925 | Lab      | XOM: noise
  9925 | Lab      | Entered a labyrinth
 10916 | Lab      | XOM: silly message
 11000 | Lab      | Noticed a minotaur
 11013 | Lab      | HP: 1/110 [minotaur/halberd of distortion (22)]
 11014 | Lab      | Slain by a minotaur

Vault maps used:
D:1:      saegor_arrival_simple_e
D:2:      lemuel_crystal_altar, first_ration, uniq_natasha, uniq_jessica,
          uniq_sigmund, uniq_robin
D:3:      grunt_temple_overflow_cloverleaf, ebering_ghost_rock_garden,
          gup_sewer_entry_pipe, serial_park_tiny_pond
D:4:      serial_shops, nicolae_shop_stone, gammafunk_ghost_icy, uniq_edmund,
          uniq_pikel, uniq_eustachio, uniq_blork_the_orc,
          uniq_crazy_yiuf_cottage
D:5:      minmay_temple_entry_glassed_door, serial_shops,
          nicolae_shop_window_shopping
D:6:      basic_altar, minivault_22, kennysheep_dice, uniq_duvessa
D:7:      lightli_temple_of_fire, serial_shops, shop
D:8:      vehumet_crystals, nicolae_tso_besieged_by_evil
D:9:      blue_anna_alchemist, uniq_gastronok
D:10:     serial_shops, shop, eino_jars, uniq_joseph
D:11:     david_lair_shrubbed, orc_0_dummy, lab_entry_generic,
          ebering_ghost_disaster_area, hangedman_feature_mirror
Lab:      labyrinth_spiral, nicolae_lab_lava, nicolae_lab_blocks,
          nicolae_lab_garden, nicolae_lab_x, nicolae_lab_grate_2,
          labyrinth_skeletal_remains

Skill      XL: |  1  2  3  4  5  6  7  8  9 10 11 12 |
---------------+-------------------------------------+-----
Maces & Flails | 4 5 6 8 9 11 13 14 15 | 15.2
Fighting       | 4 5 6 7 8 10 11 | 11.5
Armour         | 3 4 5 6 8 10 11 | 11.2
Dodging        | 2 3 4 5 7 9 10 | 10.2

Action                   |  1- 3 |  4- 6 |  7- 9 | 10-12 || total
-------------------------+-------+-------+-------+-------++-------
Melee: Mace              |    53 |    33 |       |       ||    86
       Headbutt          |     4 |    25 |    54 |    89 ||   172
       Kick              |       |    26 |    85 |    41 ||   152
       Flail             |       |    93 |   101 |       ||   194
       Dire flail        |       |       |   277 |   290 ||   567
       Great mace        |       |       |       |    31 ||    31
  Use: Scroll            |     2 |       |     6 |    13 ||    21
       Potion            |       |     2 |     1 |     5 ||     8
 Stab: Paralysed         |       |       |       |     3 ||     3
  Eat: Chunk             |       |     4 |     6 |     4 ||    14
       Ration            |       |       |     3 |     3 ||     6
Armor: Leather armour    |    26 |    32 |    89 |     6 ||   153
       Plate armour      |       |       |       |    93 ||    93
Dodge: Dodged            |    32 |    91 |   263 |   186 ||   572
Block: Other             |       |    18 |    68 |    10 ||    96

Table legend:
 A = Spawn XP
 B = Non-spawn XP
 C = Spawn XP percentage of total XP
 D = Spawn monster count
 E = Non-spawn monster count
 F = Spawn count percentage of total count
 G = Total turns spent on level
                    A         B        C        D         E        F      G
               +---------+---------+-------+---------+---------+-------+---------
         Total |       0 |   27830 |   0.0 |       0 |     323 |   0.0 | 11014
               +---------+---------+-------+---------+---------+-------+---------
           D:1 |       0 |      38 |   0.0 |       0 |      24 |   0.0 |   776
           D:2 |       0 |     384 |   0.0 |       0 |      37 |   0.0 |   398
           D:3 |       0 |     632 |   0.0 |       0 |      53 |   0.0 |  1330
           D:4 |       0 |    1416 |   0.0 |       0 |      34 |   0.0 |  1401
           D:5 |       0 |     105 |   0.0 |       0 |       3 |   0.0 |   984
           D:6 |       0 |    1286 |   0.0 |       0 |      29 |   0.0 |   972
           D:7 |       0 |     681 |   0.0 |       0 |      17 |   0.0 |   539
           D:8 |       0 |    3334 |   0.0 |       0 |      40 |   0.0 |  1153
           D:9 |       0 |    9471 |   0.0 |       0 |      20 |   0.0 |  1301
          D:10 |       0 |    3373 |   0.0 |       0 |      32 |   0.0 |   586
          D:11 |       0 |    6220 |   0.0 |       0 |      30 |   0.0 |   485
           Lab |       0 |     890 |   0.0 |       0 |       4 |   0.0 |  1089
               +---------+---------+-------+---------+---------+-------+---------
